 Dungeon Crawl Stone Soup version 0.28-a0-1038-g9c4cb8273d (webtiles) character file.

Game seed: 6796949344443627597

46713 Strat the Fighter (level 14, -3/132 HPs)
             Began as a Naga Venom Mage on Dec 8, 2021.
             Was a High Priest of Dithmenos.
             Slain by a komodo dragon (18 damage)
             ... on level 6 of the Lair of Beasts.
             The game lasted 00:57:44 (24939 turns).

Strat the Fighter (Naga Venom Mage)                Turns: 24939, Time: 00:57:45

Health: -3/132     AC: 17    Str: 12    XL:     14   Next: 38%
Magic:  12/37      EV: 13    Int: 22    God:    Dithmenos [*****.]
Gold:   1270       SH:  5    Dex: 12    Spells: 13/33 levels left

rFire   + . .      SeeInvis +   a - +2 whip (elec)
rCold   + . .      Faith    .   u - +0 buckler
rNeg    . . .      Spirit   .   l - +2 leather armour {rF+}
rPois   +          Reflect  .   s - +2 helmet {Int+3}
rElec   .          Harm     .   r - +1 cloak
rCorr   .          Rampage  .   A - +2 pair of gloves
Will    +....                   (no barding)
Stlth   +++.......              (no amulet)
HPRegen 0.32/turn               y - ring of magical power
MPRegen 0.25/turn               m - ring of protection from cold

@: short of breath, hasted, wreathed by umbra, quick
A: AC +4, large, see invisible, deformed body, poison resistance, slowness 2,
spit poison 1, naga tail 2
a: Spit Poison, Renounce Religion, Shadow Step, Shadow Form


You were on level 6 of the Lair of Beasts.
You worshipped Dithmenos.
Dithmenos was extremely pleased with you.
You visited 4 branches of the dungeon, and saw 21 of its levels.

You collected 1270 gold pieces.

Inventory:

Hand Weapons
 a - a +2 whip of electrocution (weapon)
 b - a +4 dire flail of protection
 h - a +0 vampiric dagger
 F - a +1 eveningstar of holy wrath
Missiles
 d - 632 stones
 p - 7 javelins
 z - a throwing net
 B - a curare-tipped dart
Armour
 l - a +2 leather armour of fire resistance (worn)
 r - a +1 cloak (worn)
 s - a +2 helmet of intelligence (worn)
 u - a +0 buckler (worn)
 x - +0 steam dragon scales
 A - a +2 pair of gloves (worn)
Jewellery
 i - a ring of positive energy
 m - a ring of protection from cold (right hand)
 v - a ring of magical power
 y - a ring of magical power (left hand)
 E - a ring of ice
Wands
 w - a wand of iceblast (7)
 K - a wand of polymorph (4)
Scrolls
 k - 2 scrolls of brand weapon
 n - a scroll of identify
 C - 2 scrolls of fog
 J - a scroll of silence
 M - 2 scrolls of magic mapping
Potions
 c - 3 potions of flight
 e - 2 potions of attraction
 g - 2 potions of berserk rage
 o - 3 potions of cancellation
 t - a potion of brilliance
 D - 4 potions of ambrosia {unknown}
 H - a potion of lignification {unknown}
 I - a potion of resistance {unknown}
 L - a potion of might
Miscellaneous
 f - a box of beasts


   Skills:
 - Level 10.0 Fighting
 - Level 4.0 Armour
 - Level 10.0 Dodging
 - Level 3.0 Stealth
 - Level 4.0 Shields
 - Level 10.0 Spellcasting
 - Level 10.0 Conjurations
 - Level 5.0 Summonings
 - Level 1.0 Transmutations
 - Level 4.0 Air Magic
 - Level 5.0 Earth Magic
 - Level 8.0 Poison Magic
 + Level 6.8 Invocations


You had 13 spell levels left.
You knew the following spells:

 Your Spells              Type           Power      Damage    Failure   Level
a - Sting                 Tmut/Pois      100%       1d8       1%          1
b - Poisonous Vapours     Pois/Air       74%        N/A       1%          2
c - Mephitic Cloud        Conj/Pois/Air  43%        N/A       1%          3
d - Olgreb's Toxic Radia  Pois           46%        N/A       2%          4
e - Stone Arrow           Conj/Erth      88%        3d12      1%          3
f - Summon Lightning Spi  Summ/Air       30%        N/A       12%         4
g - Ozocubu's Armour      Ice            11%        N/A       22%         3

Your spell library contained the following spells:

 Spells                   Type           Power      Damage    Failure   Level
 Magic Dart               Conj           100%       1d8       1%          1
 Summon Small Mammal      Summ           100%       N/A       1%          1
 Searing Ray              Conj           100%       2d8       1%          2
 Animate Skeleton         Necr           22%        N/A       8%          1
 Apportation              Tloc           22%        N/A       8%          1
 Animate Armour           Summ/Erth      66%        N/A       10%         4
 Fulminant Prism          Conj/Hex       16%        3d11      10%         4
 Cause Fear               Hex            5%         N/A       58%         4
 Dragon Form              Tmut           7%         N/A       100%        7
 Ozocubu's Refrigeration  Ice            5%         4d6       100%        7
 Storm Form               Tmut/Air       11%        N/A       100%        7
 Lehudib's Crystal Spear  Conj/Erth      22%        10d6      100%        8
 Maxwell's Capacitive Co  Air            14%        ∞         100%        8
 Dragon's Call            Summ           16%        N/A       100%        9


Dungeon Overview and Level Annotations

Branches:
Dungeon (12/15)            Temple (1/1) D:4            Lair (6/6) D:11
  Swamp (0/4) Lair:4       Spider (0/4) Lair:3        Slime (0/5) Lair:5
    Orc (2/2) D:9
    Elf: Orc:2

Altars:
Ashenzari
Cheibriados
Dithmenos
Elyvilon
Fedhas
Gozag
Hepliaklqana
Kikubaaqudgha
Makhleb
Nemelex Xobeh
Okawaru
Qazlal
Ru
Sif Muna
Trog
Uskayaw
Vehumet
Wu Jian
Xom
Yredelemnul
Zin
The Shining One
Beogh

Shops:
D:3 *

Annotations:
D:12 Maurice


Innate Abilities, Weirdness & Mutations

Your serpentine skin is tough. (AC +4)
You have supernaturally acute eyesight. (SInv)
Armour fits poorly on your strangely shaped body.
Your system is resistant to poisons. (rPois)
You cover ground very slowly.
You can spit poison.
You can use your snake-like lower body to constrict enemies.


Message History

Dithmenos accepts your kill.
Things that are here:
an elephant corpse; an elephant corpse
Things that are here:
an elephant corpse; an elephant corpse You start resting.
You start resting.
A komodo dragon comes into view.
Things that are here:
an elephant corpse; an elephant corpse The komodo dragon hisses angrily.
Things that are here:
an elephant corpse; an elephant corpse
Casting: Olgreb's Toxic Radiance (mildly dangerous; 2% risk of failure)
Confirm with . or Enter, or press ? or * to list all spells.
You begin to radiate toxic energy.
The komodo dragon is poisoned.
The komodo dragon looks even sicker.
The komodo dragon bites you.
* * * LOW HITPOINT WARNING * * *
Unknown command.
You hit the komodo dragon but do no damage.
You grab the komodo dragon.
The komodo dragon is lightly wounded.
You constrict the komodo dragon, but do no damage.
The komodo dragon bites you!
* * * LOW HITPOINT WARNING * * *
You hit the komodo dragon but do no damage.
The komodo dragon is lightly wounded.
Your toxic aura wanes.
You constrict the komodo dragon, but do no damage.
The komodo dragon closely misses you.
Aiming: Spit Poison (1% risk of failure)
Press: ? - help, Shift-Dir - straight line, f - komodo dragon
Aim: a komodo dragon (moderately wounded, constricted by you, very poisoned, umbra)
The splash of poison hits the komodo dragon but does no damage.
The komodo dragon looks even sicker.
The komodo dragon is moderately wounded.
You constrict the komodo dragon. The komodo dragon misses you.
You feel yourself speed up.
You constrict the komodo dragon. The komodo dragon bites you!!
You die...

######........###.
#.................
#.............P...
#P..#...P###..P.!
##....#..##.#....
#................
#................
##l#..##.#.#.#..P.
#@################
###


You could see a komodo dragon (very poisoned).

Vanquished Creatures
  Snorg (D:10)
  A boulder beetle (Lair:4)
  4 hydras
  Fannar (Lair:3)
  A centaur warrior (D:11)
  3 two-headed ogres
  A catoblepas (Lair:5)
  14 death yaks
  Urug (Lair:3)
  Nergalle (Lair:4)
  2 bog bodies (Lair:4)
  A lindwurm (Lair:5)
  Pikel (D:6)
  2 manticores (D:11)
  An ugly thing (D:11)
  A cyclops (D:7)
  A centaur zombie (D:11)
  8 elephants (Lair:6)
  5 komodo dragons
  An unseen horror (D:10)
  4 rime drakes
  8 cane toads
  A troll (D:11)
  A hornet (D:10)
  2 slime creatures (D:11)
  4 blink frogs
  A redback (Lair:3)
  A wyvern (Lair:5)
  2 wraiths
  25 yaks
  Eustachio (D:6)
  5 basilisks
  A vampire mosquito (D:7)
  5 steam dragons
  A swamp worm (Lair:4)
  A warg (Orc:1)
  Edmund (D:6)
  12 orc warriors
  12 water moccasins
  2 acid dragons
  A sky beast (D:5)
  A hornet zombie (D:9)
  4 ice beasts
  A necrophage (D:6)
  2 ogres
  23 wolves
  7 centaurs
  2 phantoms
  2 bullfrogs
  2 kobold brigands
  4 gnoll sergeants
  2 scorpions
  18 killer bees
  6 howler monkeys (D:9)
  2 electric eels (D:11)
  A bullfrog zombie (D:6)
  2 bullfrog skeletons
  4 hounds
  2 jellies (Lair:5)
  16 orc priests
  Crazy Yiuf (D:3)
  A gnoll shaman (D:7)
  A centaur skeleton (D:7)
  5 iguanas
  13 orc wizards
  7 hell rats (Lair:5)
  A killer bee zombie (D:7)
  Robin (Temple)
  2 howler monkey zombies
  21 gnolls
  A howler monkey skeleton (D:4)
  6 adders
  2 white imps
  An adder skeleton (D:4)
  A worm (D:3)
  4 dart slugs
  52 orcs
  8 endoplasms
  2 giant cockroaches
  18 goblins
  5 hobgoblins
  11 jackals
  5 quokkas
  6 ball pythons
  7 bats
  4 frilled lizards
  15 kobolds
  6 rats
450 creatures vanquished.

Vanquished Creatures (collateral kills)
  Gastronok (Lair:1)
  A hydra (Lair:1)
  A water moccasin (Lair:1)
3 creatures vanquished.

Vanquished Creatures (others)
  An unseen horror (D:11)
  An electric eel (Lair:4)
  An orc wizard (D:11)
  An orc (D:11)
  2 bushes
  26 fungi
  38 plants
70 creatures vanquished.

Grand Total: 523 creatures vanquished

Notes
Turn   | Place    | Note
-------+----------+-------------------------------------------
     0 | D:1      | Strat the Naga Venom Mage began the quest for the Orb.
     0 | D:1      | Reached XP level 1. HP: 15/15 MP: 3/3
   476 | D:1      | Reached XP level 2. HP: 22/22 MP: 0/5
   526 | D:1      | Learned a level 2 spell: Poisonous Vapours
  1320 | D:1      | Reached skill level 5 in Poison Magic
  1456 | D:1      | Reached XP level 3. HP: 27/28 MP: 1/6
  2293 | D:2      | Found a glowing golden altar of the Shining One.
  2343 | D:2      | Learned a level 3 spell: Mephitic Cloud
  2576 | D:2      | Reached XP level 4. HP: 32/36 MP: 4/7
  2768 | D:2      | Reached skill level 1 in Air Magic
  3092 | D:2      | Reached skill level 1 in Conjurations
  3651 | D:3      | Found Icegy's Assorted Antiques.
  3844 | D:3      | Found a faded altar of an unknown god.
  4007 | D:3      | Reached XP level 5. HP: 38/42 MP: 9/9
  4087 | D:3      | Found a runed translucent door.
  4271 | D:3      | Noticed Crazy Yiuf
  4298 | D:3      | Killed Crazy Yiuf
  4767 | D:4      | Found a broken altar of Ashenzari.
  4769 | D:4      | Found an iron altar of Okawaru.
  5067 | D:4      | Reached XP level 6. HP: 49/49 MP: 8/10
  5178 | D:4      | Found a staircase to the Ecumenical Temple.
  5217 | D:4      | Noticed Robin
  5260 | Temple   | Entered the Ecumenical Temple
  5656 | Temple   | Became a worshipper of Dithmenos the Shadowed
  5687 | Temple   | Killed Robin
  6291 | D:5      | Entered Level 5 of the Dungeon
  6431 | D:5      | Reached XP level 7. HP: 47/55 MP: 12/12
  6541 | D:5      | Learned a level 4 spell: Olgreb's Toxic Radiance
  6545 | D:5      | Learned a level 3 spell: Stone Arrow
  6794 | D:5      | Found a snail-covered altar of Cheibriados.
  6977 | D:5      | Reached skill level 1 in Fighting
  7210 | D:5      | Reached skill level 1 in Armour
  7612 | D:5      | Reached XP level 8. HP: 64/67 MP: 7/13
  7757 | D:6      | Reached * piety under Dithmenos
  7837 | D:6      | Noticed Eustachio
  7850 | D:6      | Killed Eustachio
  7851 | D:6      | Reached skill level 5 in Conjurations
  8019 | D:6      | Noticed Pikel
  8059 | D:6      | Killed Pikel
  8060 | D:6      | Reached XP level 9. HP: 67/79 MP: 8/14
  8157 | D:6      | Reached skill level 5 in Fighting
  8925 | D:6      | Noticed Edmund
  8952 | D:6      | Killed Edmund
  9366 | D:7      | Noticed a cyclops
  9701 | D:7      | Killed a cyclops
  9702 | D:7      | Reached skill level 5 in Spellcasting
  9972 | D:7      | Found an opulent altar of Gozag.
 10208 | D:7      | Reached XP level 10. HP: 91/91 MP: 7/17
 10329 | D:7      | Found a stormy altar of Qazlal.
 11349 | D:7      | Found a glowing silver altar of Zin.
 11635 | D:8      | Identified the +1 robe of Parts Unknown {rC+ rN+++ Will-}
 11641 | D:8      | Identified the +1 long sword of a Million Coins {vorpal,
                  | rElec rPois rN+ Str+2 Int-5}
 12637 | D:9      | Reached skill level 5 in Dodging
 12923 | D:9      | Found an ancient bone altar of Kikubaaqudgha.
 13358 | D:9      | Reached ** piety under Dithmenos
 13359 | D:9      | Reached XP level 11. HP: 74/103 MP: 15/20
 13478 | D:9      | Learned a level 4 spell: Summon Lightning Spire
 13612 | D:9      | Found a staircase to the Orcish Mines.
 13705 | D:10     | Entered Level 10 of the Dungeon
 13757 | Orc:1    | Entered Level 1 of the Orcish Mines
 13757 | Orc:1    | You fall into a shaft and drop 1 floor!
 13757 | Orc:2    | Entered Level 2 of the Orcish Mines
 13762 | Orc:2    | Reached skill level 1 in Summonings
 13762 | Orc:2    | Noticed an orc knight
 14146 | Orc:1    | Reached *** piety under Dithmenos
 14147 | Orc:1    | Noticed a two-headed ogre
 14161 | Orc:1    | Killed a two-headed ogre
 15029 | D:10     | Found a glowing silver altar of Zin.
 15069 | D:10     | Noticed Snorg
 15347 | D:10     | Found a glowing golden altar of the Shining One.
 15348 | D:10     | Noticed a two-headed ogre
 15359 | D:10     | Killed a two-headed ogre
 15636 | D:10     | Found a glowing golden altar of the Shining One.
 15636 | D:10     | Found a blossoming altar of Fedhas.
 15714 | D:10     | Killed Snorg
 16104 | D:11     | Noticed a white ugly thing
 16127 | D:11     | Killed a white ugly thing
 16371 | D:11     | Noticed a manticore
 16381 | D:11     | Killed a manticore
 16642 | D:11     | Found a staircase to the Lair.
 16677 | D:11     | Noticed a centaur warrior
 16696 | D:11     | Killed a centaur warrior
 16697 | D:11     | Reached XP level 12. HP: 114/114 MP: 18/23
 17077 | D:11     | Noticed a two-headed ogre
 17092 | D:11     | Killed a two-headed ogre
 17905 | D:12     | Noticed Maurice
 18077 | Lair:1   | Entered Level 1 of the Lair of Beasts
 18285 | Lair:1   | Noticed Gastronok
 18315 | Lair:1   | Killed Gastronok
 18316 | Lair:1   | Reached skill level 10 in Fighting
 18316 | Lair:1   | Reached skill level 5 in Summonings
 18613 | Lair:1   | Reached **** piety under Dithmenos
 18939 | Lair:1   | Noticed an eight-headed hydra
 18955 | Lair:1   | Killed an eight-headed hydra
 19338 | Lair:1   | Reached skill level 10 in Spellcasting
 19501 | Lair:1   | Learned a level 3 spell: Ozocubu's Armour
 19616 | Lair:1   | Reached skill level 1 in Shields
 19913 | Lair:2   | Noticed a six-headed hydra
 19921 | Lair:2   | Killed a six-headed hydra
 20035 | Lair:2   | You fall into a shaft and drop 1 floor!
 20037 | Lair:3   | Noticed Fannar
 20045 | Lair:3   | Killed Fannar
 20046 | Lair:3   | Noticed Urug
 20057 | Lair:3   | Gained mutation: You can use your snake-like lower body to
                  | constrict enemies. [Naga growth]
 20057 | Lair:3   | Reached XP level 13. HP: 87/123 MP: 2/27
 20060 | Lair:3   | Reached ***** piety under Dithmenos
 20410 | Lair:3   | Killed Urug
 20503 | Lair:3   | Found a hole to the Spider Nest.
 21154 | Lair:3   | Reached skill level 1 in Earth Magic
 22064 | Lair:4   | Noticed Nergalle
 22069 | Lair:4   | Killed Nergalle
 22795 | Lair:4   | Found a staircase to the Swamp.
 23062 | Lair:5   | Found a staircase to the Slime Pits.
 24091 | Lair:5   | Reached skill level 5 in Earth Magic
 24094 | Lair:5   | Reached skill level 10 in Dodging
 24426 | Lair:5   | Reached XP level 14. HP: 101/132 MP: 23/28
 24821 | Lair:6   | Entered Level 6 of the Lair of Beasts
 24833 | Lair:6   | Reached skill level 10 in Conjurations
 24846 | Lair:6   | Reached skill level 5 in Invocations
 24939 | Lair:6   | Slain by a komodo dragon

Illustrated notes

Levels and vault maps discovered:
D:1:      dpeg_arrival_arbitrary_a, layout_basic, corexii_hall_statues_s,
          st_stairs_9
D:2:      layout_loops_ring, basic_altar
D:3:      layout_basic, hellmonk_ecumenical_altar_defaced_shrine, serial_shops,
          nicolae_shop_overgrown_old_shop, uniq_crazy_yiuf_cottage
D:4:      layout_rooms, mainiacjoe_overflow_catwalk_spiral,
          minmay_temple_entry_junction, uniq_robin
D:5:      layout_gridville, mainiacjoe_overflow_cross_hatched
D:6:      layout_loops_ring, uniq_edmund, uniq_pikel, uniq_eustachio
D:7:      minmay_slanted_spiral_squares, layout_layer_cave,
          mainiacjoe_overflow_alcove_1, zin_treasury,
          mainiacjoe_overflow_surrounded_room
D:8:      layout_basic, serial_aquarium, aquarium_bridge_square
          [aquarium_subvault_wall, aquarium_subvault_bridge,
          aquarium_subvault_bridge, aquarium_subvault_window],
          aquarium_bridge_straight [aquarium_subvault_bridge,
          aquarium_subvault_wall, aquarium_subvault_bridge,
          aquarium_subvault_wall], aquarium_window_double, aquarium_window_2,
          aquarium_window_corner, aquarium_window_corridor_1, aquarium_view_2e,
          aquarium_balcony_double_2
D:9:      cheibrodos_steamvent, layout_loops_ring,
          mainiacjoe_overflow_small_starburst, hiddenorc1_lemuel
D:10:     layout_roguey, gammafunk_temple_overflow_elements, minmay_hedge_maze,
          hangedman_feature_mirror, uniq_snorg
D:11:     layout_basic, lair_entry_dummy, kb_rosetta
D:12:     layout_rooms, grunt_ogre_cave, uniq_maurice, uniq_azrael
Temple:   nicolae_temple_figure_eight
Lair:1:   layout_concentric_octagons, uniq_gastronok
Lair:2:   layout_gridlike, beast_lair_carwin_2
Lair:3:   layout_regular_city, spider_nest_entry_webs, guppyfry_lair_drakes,
          uniq_urug, uniq_fannar
Lair:4:   layout_cellular_growth, nicolae_swamp_entry_splash_gauntlet,
          uniq_nergalle
Lair:5:   layout_small_grid, nicolae_slime_entry_slimehenge,
          nicolae_lair_yak_garden, grunt_megastairs_4
Lair:6:   evilmike_catoblepas_cave, layout_long_grid,
          gammafunk_ghost_necromancy, tgw_fedhas
Orc:1:    layout_caves
Orc:2:    st_orc_mages, layout_caves, hangedman_minor_magic

Skill      XL: |  1  2  3  4  5  6  7  8  9 10 11 12 13 14 |
---------------+-------------------------------------------+-----
Poison Magic   | 5 6 7 8 |  8.0
Air Magic      | 1 2 3 4 |  4.0
Conjurations   | 1 2 3 4 5 7 9 10 | 10.0
Spellcasting   | 3 5 6 7 10 | 10.0
Fighting       | 2 4 6 8 9 10 | 10.0
Armour         | 1 3 4 |  4.0
Dodging        | 3 6 7 10 | 10.0
Summonings     | 4 5 |  5.0
Shields        | 3 4 |  4.0
Earth Magic    | 5 |  5.0
Invocations    | 6 |  6.8
Stealth        | |  3.0
Transmutations | |  1.0

Action                   |  1- 3 |  4- 6 |  7- 9 | 10-12 | 13-15 || total
-------------------------+-------+-------+-------+-------+-------++-------
Melee: Unarmed           |     3 |       |       |       |       ||     3
       Dagger            |    56 |       |       |       |       ||    56
       Whip              |     8 |   231 |   172 |   363 |   190 ||   964
       Dire flail        |       |       |    18 |       |       ||    18
       Constrict         |       |       |       |       |    34 ||    34
 Cast: Sting             |    21 |     7 |     4 |       |       ||    32
       Poisonous Vapours |    25 |    13 |     6 |     4 |       ||    48
       Mephitic Cloud    |       |     4 |    13 |    51 |    18 ||    86
       Stone Arrow       |       |       |    13 |    74 |    41 ||   128
       Olgreb's Toxic Ra |       |       |     2 |    87 |    46 ||   135
       Summon Lightning  |       |       |       |     2 |       ||     2
 Abil: Spit Poison       |     6 |     8 |    13 |    22 |     2 ||    51
Evoke: Wand              |       |       |       |     5 |     1 ||     6
       Box of beasts     |       |       |       |     1 |       ||     1
  Use: Scroll            |       |     8 |     7 |     9 |     3 ||    27
       Potion            |       |       |       |     1 |     8 ||     9
 Stab: Sleeping          |       |     7 |     1 |     2 |     1 ||    11
       Confused          |       |     1 |     6 |    10 |     3 ||    20
Armor: Robe              |    17 |       |       |       |       ||    17
       Leather armour    |     2 |   113 |    84 |   267 |   137 ||   603
Dodge: Dodged            |    47 |   139 |   101 |   359 |   186 ||   832
Block: Buckler           |       |       |       |       |    46 ||    46

Table legend: (Time is in decaauts)
 A = Elapsed time spent in this place.
 B = Non-inter-level travel time spent in this place.
 C = Inter-level travel time spent in this place.
 D = Time resting spent in this place.
 E = Time spent auto-exploring this place.
 F = Levels seen in this place.
 G = Mean time per level.
                   A        B        C        D        E       F      G
               +--------+--------+--------+--------+--------+-----+--------+
         Total |  29836 |  28783 |   1053 |   6937 |  16910 |  21 | 1420.8 |
       Dungeon |  19903 |  19075 |    828 |   4612 |  11059 |  12 | 1658.6 |
        Temple |    630 |    573 |     57 |    229 |    276 |   1 |  630.0 |
          Lair |   8126 |   7985 |    141 |   1599 |   5128 |   6 | 1354.3 |
  Orcish Mines |   1175 |   1149 |     26 |    496 |    446 |   2 |  587.5 |
               +--------+--------+--------+--------+--------+-----+--------+

Top non-repeatable levels by time:
     D:7: 2527 daAuts
     D:1: 2403 daAuts
  Lair:1: 2193 daAuts
    D:11: 2178 daAuts
  Lair:5: 2027 daAuts
     D:6: 1952 daAuts
  Lair:4: 1936 daAuts
     D:9: 1828 daAuts
     D:3: 1744 daAuts
     D:5: 1701 daAuts
  Lair:3: 1688 daAuts
    D:10: 1518 daAuts
     D:2: 1432 daAuts
     D:4: 1318 daAuts
     D:8: 1280 daAuts
